 Dungeon Crawl Stone Soup version 0.30.1 (webtiles) character file.

Game seed: 771182414521760132

572 Sanktem7 the Chopper (level 7, -26/61 HPs)
             Began as a Minotaur Fighter on July 11, 2023.
             Annihilated by an ogre
             ... wielding a +0 giant spiked club
              (27 damage)
             ... on level 5 of the Dungeon.
             The game lasted 00:09:59 (3310 turns).

Sanktem7 the Chopper (Minotaur Fighter)             Turns: 3310, Time: 00:10:00

Health: -26/61     AC: 11    Str: 23    XL:     7   Next: 12%
Magic:  6/6        EV:  8    Int:  5    God:
Gold:   197        SH: 10    Dex:  9    Spells: 6/6 levels left

rFire   . . .        a - +0 war axe {axe}
rCold   . . .        c - +0 buckler
rNeg    . . .        l - +0 chain mail
rPois   .            (helmet restricted)
rElec   .            (no cloak)
rCorr   .            u - +0 pair of gloves
SInv    .            (no boots)
Will    .....        A - amulet of reflection Stlth
                     (no ring)
HPRegen 0.30/turn    (no ring)
MPRegen 0.10/turn

%: reflection
@: no status effects
A: horns 2, retaliatory headbutt
a: no special abilities


You were on level 5 of the Dungeon.
You visited 1 branch of the dungeon, and saw 5 of its levels.

You collected 197 gold pieces.


Innate Abilities, Weirdness & Mutations

You have a pair of horns on your head.
You reflexively headbutt those who attack you in melee.


   Skills:
 + Level 5.4 Fighting
 * Level 6.2 Axes
 + Level 5.4 Armour
 + Level 5.4 Shields


You had 6 spell levels left.
You didn't know any spells.
Your spell library contained the following spells:

 Spells                   Type           Power      Damage    Failure   Level
 Kiss of Death            Conj/Necr      0%         2d5       98%         1
 Sandblast                Erth           0%         2d4       98%         1
 Passwall                 Tmut/Erth      0%         N/A       99%         2
 Call Canine Familiar     Summ           0%         N/A       100%        3
 Confusing Touch          Hex            0%         N/A       100%        3
 Portal Projectile        Hex/Tloc       0%         N/A       100%        3
 Stone Arrow              Conj/Erth      0%         3d7       100%        3
 Dispel Undead            Necr           0%         3d6       100%        4
 Leda's Liquefaction      Hex/Erth       0%         N/A       100%        4

Inventory:

Hand Weapons
 a - a +0 war axe (weapon) {axe}
Missiles
 e - 34 stones (quivered) {throwing}
 k - 10 poisoned darts {throwing}
 r - 2 javelins {throwing}
Armour
 c - a +0 buckler (worn)
 l - a +0 chain mail (worn)
   (You found it on level 1 of the Dungeon)
 u - a +0 pair of gloves (worn)
   (You found it on level 2 of the Dungeon)
Jewellery
 A - an amulet of reflection (around neck)
   (You found it on level 3 of the Dungeon)
Scrolls
 g - 4 scrolls of identify {unknown}
 i - 2 scrolls of amnesia {unknown}
 j - 2 scrolls of magic mapping {unknown}
 n - a scroll of torment {unknown}
 o - a scroll of silence {unknown}
 p - a scroll of blinking {unknown}
 s - a scroll of immolation {unknown}
 w - a scroll of poison {unknown}
 y - 2 scrolls of teleportation {unknown}
 z - a scroll of enchant armour {unknown}
 C - a scroll of enchant weapon {unknown}
 D - 2 scrolls of fog {unknown}
Potions
 b - 2 potions of berserk rage {unknown}
 d - a potion of might
 f - 3 potions of flight {unknown}
 h - a potion of attraction {unknown}
 m - a potion of resistance {unknown}
 q - 2 potions of curing {unknown}
 v - a potion of heal wounds {unknown}
 x - a potion of ambrosia {unknown}
 E - a potion of experience {unknown}
 G - 2 potions of lignification {unknown}

Dungeon Overview and Level Annotations

Branches:
Dungeon (5/15) Zot: 26607
 Temple: D:4-7

Altars:
Gozag
Kikubaaqudgha
Makhleb

Shops:
D:3 ( D:4

: ......... #
#.........
#.####.........
.#..#.........
...#......./.
..#.........
#.#.........
#<#O).......
#.@hg....##
#.....g..?.#
#.#........#
#.#........# .
#........# ##
#........#
#........#
#........#


You could see an ogre, a hound and 2 gnolls.


Message History

Key pressed, stopping explore.
There is an open door here.
You open the door.
There is an open door here.
Done exploring.
Done exploring.
Search for what [? for help]?
Okay, then.
Search for what [? for help]?
D You drop an amulet of the acrobat.
You drop a +0 sling of flaming.
You drop a +2 spear of flaming {polearm}.
You drop a +0 dagger of venom {short}.
Done exploring.
Done exploring.
There is an open door here.
Things that are here:
a +0 spear {polearm}; a gnoll skeleton
There is an escape hatch in the floor, spattered with blood here.
Things that are here:
a +0 flail {mace}; a gnoll skeleton
There is a stone staircase leading down here.
You climb downwards.
The gnoll shouts!
There is a stone staircase leading up here. 2 gnolls, an ogre and a dart slug come into view.
The gnoll shouts! x2; The ogre shouts!
The gnoll bouda barks out a call to the hunt!
The gnolls pick up the pace!
The ogre closely misses you.
You barely miss the ogre.
You hit the gnoll bouda but do no damage.
You block the gnoll's attack.
The gnoll bouda hits you with a +0 whip.
The gnoll closely misses you. x2; You furiously retaliate!
You headbutt the gnoll. 😕 HP[-4]
You take 4 damage, and now have 57/61 hp.
You slash the gnoll!
You kill the gnoll!
You hit the ogre but do no damage. You slash the gnoll bouda!
You block the gnoll's attack. You block the ogre's attack.
A hound comes into view.
The gnoll bouda gazes fiercely through you!
You feel your attacks grow feeble.
The gnoll bouda hits you with a +0 whip!
You block the gnoll's attack.
The gnoll hits you but does no damage. 😕 HP[-7]
You take 7 damage, and now have 50/61 hp.
The hound barks!
You hit the gnoll bouda but do no damage.
You barely miss the ogre. The gnoll bouda barely misses you.
The ogre closely misses you. You furiously retaliate!
You headbutt the ogre. The gnoll hits you but does no damage.
The gnoll hits you from afar with a +0 halberd. 😕 HP[-4]
You take 4 damage, and now have 46/61 hp.
You hit the gnoll bouda. You hit the ogre. The gnoll bouda closely misses you.
You furiously retaliate!
You headbutt the gnoll bouda!
You kill the gnoll bouda!
You block the gnoll's attack.
The gnoll hits you from afar with a +0 halberd.
The ogre hits you with a +0 giant spiked club. 😮 HP[-10]
You take 10 damage, and now have 36/61 hp.
You hit the dart slug. You closely miss the ogre.
The gnoll hits you from afar with a +0 spear.
The gnoll hits you but does no damage. The dart slug launches a dart at you.
The slug dart hits you but does no damage.
You block the ogre's attack. The gnoll closely misses you.
You slash the dart slug!
You kill the dart slug!
You hit the ogre but do no damage.
Your attacks no longer feel as feeble.
The gnoll hits you from afar with a +0 halberd.
The gnoll hits you but does no damage. The gnoll barely misses you.
You block the hound's attack.
The ogre hits you with a +0 giant spiked club!!
* * * LOW HITPOINT WARNING * * *
😱 HP[-31]
You take 31 damage, and now have 5/61 hp.
MASSIVE DAMAGE!! (PAUSE)
You block the gnoll's attack. x2
You see here a +0 whip {mace}.
The gnoll attacks as you move away! The gnoll completely misses you.
The gnoll attacks as you move away! The gnoll hits you with a +0 spear.
* * * LOW HITPOINT WARNING * * *
The hound bites you.
* * * LOW HITPOINT WARNING * * *
The gnoll hits you but does no damage. You block the hound's attack.
You block the gnoll's attack. 😱 HP[-4]
You take 4 damage, and now have 1/61 hp.
The hound attacks as you move away! The hound barely misses you.
The gnoll is no longer moving quickly.
The ogre completely misses you. The hound attacks as you move away!
You block the hound's attack. The ogre attacks as you move away!
The ogre hits you with a +0 giant spiked club!!
You die...

Skill      XL: |  1  2  3  4  5  6 |
---------------+-------------------+-----
Axes           | 3 4 5 6 |  6.2
Shields        | 4 5 |  5.4
Fighting       | 4 5 |  5.4
Armour         | 4 5 |  5.4

Action                     |  1- 3 |  4- 6 |  7- 9 || total
---------------------------+-------+-------+-------++-------
  Melee: War axe           |    70 |   131 |     6 ||   207
         Headbutt          |     4 |    28 |       ||    32
 Armour: Scale mail        |     7 |       |       ||     7
         Chain mail        |    27 |    59 |     6 ||    92
  Dodge: Dodged            |    24 |    53 |    11 ||    88
  Block: Buckler           |    17 |    49 |    12 ||    78

Levels and vault maps discovered:
D:1:      lemuel_arrival_cross, layout_basic
D:2:      layout_loops_ring, shapermc_ecumenical_altar_pompeii, uniq_terence,
          uniq_natasha, uniq_jessica
D:3:      layout_basic, mainiacjoe_overflow_catch_the_wave, serial_shops, shop,
          grunt_decor_cap, bh_walls_and_bars
D:4:      layout_rooms, mainiacjoe_overflow_24_doors, serial_shops, shop,
          corexii_hall_statues_i, uniq_duvessa
D:5:      layout_basic, minmay_temple_entry_wispy, gammafunk_ghost_cemetery

Notes
Turn   | Place    | Note
-------+----------+-------------------------------------------
     0 | D:1      | Sanktem7 the Minotaur Fighter began the quest for the Orb.
     0 | D:1      | Reached XP level 1. HP: 19/19 MP: 0/0
     0 | D:1      | magus.rc [v1.9.6]
   311 | D:1      | Reached XP level 2. HP: 27/27 MP: 1/1
   452 | D:1      | Reached skill level 3 in Axes
   597 | D:1      | You pick up a book of Geomancy and begin reading...
   597 | D:1      | You add the spells Sandblast, Passwall and Stone Arrow to
                  | your library.
   801 | D:1      | Reached skill level 4 in Shields
   819 | D:2      | Noticed Jessica
   825 | D:2      | Killed Jessica
   826 | D:2      | Reached skill level 4 in Fighting
   826 | D:2      | Reached skill level 4 in Armour
   826 | D:2      | Reached XP level 3. HP: 32/33 MP: 2/2
   925 | D:2      | Reached XP level 4. HP: 32/40 MP: 3/3
   985 | D:2      | Noticed Terence
   993 | D:2      | Killed Terence
   994 | D:2      | Reached skill level 4 in Axes
  1019 | D:2      | Noticed Natasha
  1025 | D:2      | HP: 10/40 [cerulean imp/+1 spear[Natasha] (2)]
  1028 | D:2      | HP: 4/40 [Natasha (1)]
  1029 | D:2      | Killed Natasha
  1045 | D:2      | Noticed Natasha
  1049 | D:2      | Killed Natasha
  1050 | D:2      | Reached XP level 5. HP: 13/47 MP: 4/4
  1296 | D:2      | Noticed Natasha
  1304 | D:2      | Killed Natasha
  1552 | D:2      | Found a faded altar of an unknown god.
  1994 | D:3      | Found a burning altar of Makhleb.
  2079 | D:3      | Found Heipnask's Weapon Emporium.
  2294 | D:3      | Found an opulent altar of Gozag.
  2353 | D:3      | You pick up a book of Touch and begin reading...
  2353 | D:3      | You add the spells Kiss of Death, Confusing Touch and
                  | Dispel Undead to your library.
  2564 | D:4      | Noticed Dowan
  2565 | D:4      | Noticed Duvessa
  2578 | D:4      | Killed Duvessa
  2579 | D:4      | Reached skill level 5 in Axes
  2579 | D:4      | Reached skill level 5 in Shields
  2579 | D:4      | Reached XP level 6. HP: 22/55 MP: 5/5
  2585 | D:4      | Killed Dowan
  2586 | D:4      | Reached skill level 5 in Fighting
  2586 | D:4      | Reached skill level 5 in Armour
  2843 | D:4      | Found Perumna's Book Shop.
  2904 | D:4      | Found an ancient bone altar of Kikubaaqudgha.
  2953 | D:4      | Reached skill level 6 in Axes
  3117 | D:4      | Reached XP level 7. HP: 61/61 MP: 6/6
  3173 | D:4      | You pick up a book of the Hunter and begin reading...
  3173 | D:4      | You add the spells Call Canine Familiar, Portal Projectile
                  | and Leda's Liquefaction to your library.
  3298 | D:5      | Entered Level 5 of the Dungeon
  3306 | D:5      | HP: 5/61 [ogre/+0 giant spiked club (29)]
  3308 | D:5      | HP: 1/61 [gnoll/+0 spear[a gnoll bouda] (4)]
  3310 | D:5      | Annihilated by an ogre

Vanquished Creatures
  Duvessa (D:4)
  An ogre (D:4)
  Dowan (D:4)
  A gnoll bouda (D:5)
  2 sleepcaps
  Jessica (D:2)
  Natasha (thrice) (D:2)
  Terence (D:2)
  An adder (D:2)
  5 gnolls
  A worm (D:3)
  2 dart slugs
  An orc (D:3)
  4 endoplasms
  6 giant cockroaches
  5 hobgoblins
  2 jackals (D:1)
  5 kobolds
  4 quokkas
  6 ball pythons
  5 bats
  3 frilled lizards (D:2)
  8 goblins
  6 rats
75 creatures vanquished.

Table legend:
 A = Non-vault XP
 B = Vault XP
 C = Vault XP percentage of total XP
 D = Non-vault monster count
 E = Vault monster count
 F = Vault count percentage of total count
                 A         B        C        D         E       F
            +---------+---------+-------+---------+---------+-------
      Total |     495 |     323 |  39.5 |      70 |       5 |   6.7
            +---------+---------+-------+---------+---------+-------
        D:1 |      39 |       0 |   0.0 |      22 |       0 |   0.0
        D:2 |     112 |     109 |  49.3 |      22 |       3 |  12.0
        D:3 |      57 |       0 |   0.0 |       9 |       0 |   0.0
        D:4 |     229 |     214 |  48.3 |      14 |       2 |  12.5
        D:5 |      58 |       0 |   0.0 |       3 |       0 |   0.0
            +---------+---------+-------+---------+---------+-------

Skill      XL: |  1  2  3  4  5  6 |
---------------+-------------------+-----
Axes           | 3 4 5 6 |  6.2
Shields        | 4 5 |  5.4
Fighting       | 4 5 |  5.4
Armour         | 4 5 |  5.4

Action                     |  1- 3 |  4- 6 |  7- 9 || total
---------------------------+-------+-------+-------++-------
  Melee: War axe           |    70 |   131 |     6 ||   207
         Headbutt          |     4 |    28 |       ||    32
 Armour: Scale mail        |     7 |       |       ||     7
         Chain mail        |    27 |    59 |     6 ||    92
  Dodge: Dodged            |    24 |    53 |    11 ||    88
  Block: Buckler           |    17 |    49 |    12 ||    78

Illustrated notes

Table legend:
 A = Kills in this place as a percentage of kills in the entire game.
 B = Kills by you in this place as a percentage of kills by you in the entire game.
 C = Kills by friends in this place as a percentage of kills by friends in the entire game.
 D = Other kills in this place as a percentage of other kills in the entire game.
 E = Experience gained in this place as a percentage of experience gained in the entire game.
 F = Experience gained in this place divided by the number of levels of this place that you have seen.
                   A       B       C       D       E      F
               +-------+-------+-------+-------+-------+----------------------
         Total | 100.0 | 100.0 |   N/A |   N/A | 100.0 | 163.6
       Dungeon | 100.0 | 100.0 |   N/A |   N/A | 100.0 | 163.6
               +-------+-------+-------+-------+-------+----------------------

Table legend: (Time is in decaauts)
 A = Elapsed time spent in this place.
 B = Non-inter-level travel time spent in this place.
 C = Inter-level travel time spent in this place.
 D = Time resting spent in this place.
 E = Time spent auto-exploring this place.
 F = Levels seen in this place.
 G = Mean time per level.
                   A        B        C        D        E       F      G
               +--------+--------+--------+--------+--------+-----+--------+
         Total |   3392 |   3293 |     99 |     18 |   2706 |   5 |  678.4 |
       Dungeon |   3392 |   3293 |     99 |     18 |   2706 |   5 |  678.4 |
               +--------+--------+--------+--------+--------+-----+--------+

Top non-repeatable levels by time:
     D:2: 1047 daAuts
     D:1: 836 daAuts
     D:4: 798 daAuts
     D:3: 697 daAuts
     D:5: 13 daAuts
